 Dungeon Crawl Stone Soup version 0.30-a0-58-gc0703345a7 (webtiles) character file.

Game seed: 11442688003044725238

1093 flotson the Trooper (level 8, -3/61 HPs)
             Began as a Demonspawn Delver on Sept 11, 2022.
             Was an Initiate of Gozag.
             Slain by a gnoll
             ... wielding a +4 halberd of distortion
              (6 damage)
             ... on level 4 of the Dungeon.
             The game lasted 00:08:17 (4825 turns).

flotson the Trooper (Demonspawn Delver)             Turns: 4825, Time: 00:08:18

Health: -3/61      AC: 10    Str: 14    XL:     8   Next: 9%
Magic:  8/8        EV: 12    Int: 11    God:    Gozag
Gold:   274        SH:  0    Dex: 18    Spells: 7/7 levels left

rFire   + . .      SeeInvis .    a - +9 mace of the Purse {vorpal, +Blink rF+ rN+ Dex+2}
rCold   . . .      Faith    .    (no shield)
rNeg    + . .      Spirit   .    o - +0 ring mail
rPois   .          Reflect  .    (no helmet)
rElec   .          Harm     .    k - +2 cloak
rCorr   .          Rampage  .    (no gloves)
Will    .....                    (no boots)
Stlth   ++........               d - amulet of regeneration
HPRegen 1.00/turn                (no ring)
MPRegen 0.11/turn                (no ring)

@: no status effects
A: yellow scales 1, demonic magic 1, demonic touch 1
a: Renounce Religion, Evoke Blink, Potion Petition, Call Merchant, Bribe Branch


You were on level 4 of the Dungeon.
You worshipped Gozag.
Gozag was aware of your devotion.
You visited 2 branches of the dungeon, and saw 7 of its levels.

You collected 379 gold pieces.
You paid 105 gold pieces to Gozag.

Inventory:

Hand Weapons
 a - the +9 mace of the Purse (weapon) {vorpal, +Blink rF+ rN+ Dex+2}
   (You found it on level 3 of the Dungeon)

   It inflicts extra damage upon your enemies.
   Dex:       It affects your dexterity (+2).
   rF:        It protects you from fire.
   rN:        It protects you from negative energy.
   +Blink:    It lets you blink.
 b - a +0 arbalest
 t - a +1 whip of draining
 u - a +0 hand axe
Missiles
 m - 10 boomerangs (quivered)
 n - 7 poisoned darts
Armour
 k - a +2 cloak (worn)
 o - a +0 ring mail (worn)
Jewellery
 d - an amulet of regeneration (around neck)
 A - a ring of ice
Wands
 g - a wand of digging (3)
Scrolls
 c - 2 scrolls of fog
 e - 6 scrolls of teleportation {unknown}
 i - 13 scrolls of identify {unknown}
 j - a scroll of summoning {unknown}
 l - a scroll of immolation {unknown}
 p - a scroll of blinking {unknown}
 q - 2 scrolls of torment {unknown}
 r - 2 scrolls of magic mapping
 s - a scroll of noise {unknown}
 y - a scroll of silence {unknown}
 z - a scroll of enchant armour {unknown}
Potions
 f - 3 potions of haste
 h - a potion of heal wounds {unknown}
 v - a potion of flight {unknown}
 w - 2 potions of magic {unknown}
 x - a potion of attraction {unknown}
 B - a potion of brilliance
 C - a potion of invisibility {unknown}
 D - 2 potions of curing {unknown}
 E - a potion of berserk rage {unknown}
 F - a potion of lignification {unknown}


   Skills:
 + Level 4.7 Fighting
 - Level 1.7(2.5) Axes
 + Level 2.6(3.0) Maces & Flails
 + Level 2.2 Ranged Weapons
 + Level 3.2 Throwing
 + Level 3.1 Armour
 + Level 3.7 Dodging
 - Level 4.5 Stealth
 + Level 3.5 Evocations


You had 7 spell levels left.
You didn't know any spells.
Your spell library contained the following spells:

 Spells                   Type           Power      Damage    Failure   Level
 Apportation              Tloc           0%         N/A       56%         1
 Foxfire                  Conj/Fire      0%         2x1d4     56%         1
 Necrotise                Necr           0%         1d4       56%         1
 Summon Small Mammal      Summ           0%         N/A       56%         1
 Blink                    Tloc           0%         N/A       71%         2
 Sublimation of Blood     Necr           0%         N/A       71%         2
 Wereblood                Tmut           0%         N/A       71%         2
 Conjure Flame            Conj/Fire      0%         6-21      91%         3
 Ignite Poison            Fire/Tmut/Pois 0%         N/A       91%         3
 Inner Flame              Hex/Fire       0%         N/A       91%         3
 Lesser Beckoning         Tloc           0%         N/A       91%         3
 Flame Wave               Conj/Fire      0%         2d4       100%        4
 Sticky Flame             Conj/Fire      0%         2d3       100%        4
 Manifold Assault         Tloc           0%         N/A       100%        5
 Summon Hydra             Summ           0%         N/A       100%        7


Dungeon Overview and Level Annotations

Branches:
Dungeon (6/15)             Temple (1/1) D:6

Altars:
Fedhas
Gozag
Hepliaklqana
Kikubaaqudgha
Makhleb
Qazlal
Ru
Sif Muna
Trog
Uskayaw
Vehumet
Wu Jian

Shops:
D:5 =

Portals:
Abyss: D:4

Annotations:
D:4 1 transporter, Newt's ghost, amateur DsGl


Innate Abilities, Weirdness & Mutations

You are partially covered in yellow scales. (AC +2)
Spells you cast may paralyse adjacent enemies.
Your touch may inflict minor irresistible damage on your foes.


Message History

Newt's ghost hits you. The gnoll barely misses you. The shadow imp hits you.
The shadow imp attacks as you move away!
The shadow imp closely misses you.
You see here an Inescapable Atlas.
Newt's ghost attacks as you move away!
Newt's ghost hits you but does no damage.
Newt's ghost attacks as you move away! Newt's ghost hits you.
The crimson imp shouts!
You hit Newt's ghost but do no damage. The gnoll barely misses you.
Newt's ghost closely misses you.
You completely miss Newt's ghost.
Newt's ghost says very slowly, "There's no hope."
Newt's ghost hits you. The gnoll misses you.
You sock Newt's ghost!
Newt's ghost is moderately damaged.
Newt's ghost misses you. The gnoll barely misses you. x2
Newt's ghost hits you but does no damage.
You sock Newt's ghost!
You touch Newt's ghost!
Newt's ghost is severely damaged.
The gnoll closely misses you. Newt's ghost closely misses you.
You sock Newt's ghost! Your touch misses Newt's ghost.
Newt's ghost is almost destroyed.
Newt's ghost hits you but does no damage.
The gnoll hits you from afar with a +4 halberd of distortion!
The crimson imp summons a swarm of flies.
You closely miss Newt's ghost.
Newt's ghost is almost destroyed.
Newt's ghost misses you. The gnoll barely misses you.
The small abomination hits you.
The gnoll hits you from afar with a +4 halberd of distortion!
You blink.
The small abomination hits you but does no damage.
The small abomination closely misses you.
The gnoll hits you with a +4 halberd of distortion!
Space warps horribly around you!!
* * * LOW HITPOINT WARNING * * *
The gnoll hits you with a +4 halberd of distortion.
You die...
Your body crumbles into a pile of gold.

##..###.###.####
################.......##.....#
..............#...#######.....#
..............................#
..............................#
..........)..###..###.........#
............##(####.##.###..###
.###........#.^.##5..###.#..###
.# #........#©##@x5.#..#.#....#
.###.......##....gW.#.#.##..#.#
#.........##...###x#.## #...#.#
..........##..##.##§#..##...#.#
...........##©##.©#$#.##....#.#
#...........###..##..!#.......#
#................#..#.#......####
#...............#####.###........
#...........##### ... # #....####


You could see 2 small abominations, Newt's ghost, a gnoll, a crimson imp and a
shadow imp.

Vanquished Creatures
  A steam dragon (D:6)
  A black bear (D:5)
  An orc warrior (D:6)
  A sky beast (D:6)
  Blork the orc (D:5)
  2 bullfrogs (D:6)
  2 jellies
  5 hounds
  Crazy Yiuf (D:4)
  An iguana (D:6)
  An orc wizard (D:4)
  4 adders
  4 white imps (D:5)
  An ufetubus (D:6)
  2 worms
  5 dart slugs
  18 orcs
  6 ball pythons
  6 endoplasms
  4 giant cockroaches
  4 goblins
  9 hobgoblins
  4 jackals (D:4)
  9 kobolds
  2 bats
  4 frilled lizards
  5 rats
104 creatures vanquished.

Notes
Turn   | Place    | Note
-------+----------+-------------------------------------------
     0 | D:5      | flotson the Demonspawn Delver began the quest for the Orb.
     0 | D:5      | Reached XP level 1. HP: 18/18 MP: 1/1
    30 | D:4      | Noticed a crimson imp
    32 | D:4      | Noticed a hound
    33 | D:4      | Noticed Newt's ghost (amateur DsGl)
   331 | D:2      | Gained mutation: Spells you cast may paralyse adjacent
                  | enemies. [demonic ancestry]
   331 | D:2      | Reached XP level 2. HP: 24/24 MP: 2/2
   651 | D:1      | Reached skill level 1 in Evocations
   803 | D:1      | Reached XP level 3. HP: 29/29 MP: 3/3
  1123 | D:1      | Reached skill level 1 in Armour
  1960 | D:3      | Identified the +9 mace of the Purse {vorpal, +Blink rF+ rN+
                  | Dex+2}
  1979 | D:3      | Reached skill level 1 in Throwing
  1980 | D:3      | Reached XP level 4. HP: 21/23 MP: 4/4
  2334 | D:4      | Found a runed translucent door.
  2335 | D:4      | Noticed Crazy Yiuf
  2379 | D:4      | Noticed a small abomination
  2414 | D:4      | Found a bloodstained altar of Trog.
  2519 | D:4      | Gained mutation: You are partially covered in yellow
                  | scales. (AC +2) [demonic ancestry]
  2519 | D:4      | Reached XP level 5. HP: 33/33 MP: 5/5
  2609 | D:4      | Found a one-way gate to the infinite horrors of the Abyss.
  2611 | D:4      | Found a transporter.
  2626 | D:4      | Reached skill level 1 in Maces & Flails
  2649 | D:4      | Found a transporter.
  2852 | D:5      | Found a radiant altar of Vehumet.
  2853 | D:5      | Found a stormy altar of Qazlal.
  3137 | D:5      | Noticed Blork the orc
  3151 | D:5      | Killed Blork the orc
  3152 | D:5      | Reached XP level 6. HP: 34/48 MP: 6/6
  3189 | D:5      | Reached skill level 1 in Ranged Weapons
  3249 | D:5      | Found Zebih's Jewellery Shoppe.
  3321 | D:4      | Killed Crazy Yiuf
  3511 | D:5      | Reached XP level 7. HP: 54/54 MP: 7/7
  4036 | D:6      | Found a staircase to the Ecumenical Temple.
  4044 | Temple   | Entered the Ecumenical Temple
  4057 | Temple   | Became a worshipper of Gozag Ym Sagoz the Greedy
  4130 | D:6      | Noticed a steam dragon
  4135 | D:6      | Killed a steam dragon
  4433 | D:6      | Found a staircase to the Ecumenical Temple.
  4473 | D:6      | Gained mutation: Your touch may inflict minor irresistible
                  | damage on your foes. [demonic ancestry]
  4473 | D:6      | Reached XP level 8. HP: 61/61 MP: 8/8
  4824 | D:4      | HP: 2/61 [gnoll/+4 halberd of distortion (19)]
  4825 | D:4      | Slain by a gnoll

Illustrated notes

Levels and vault maps discovered:
D:1:      co_arrival_hall_of_pillars, layout_basic
D:2:      layout_rooms, basic_altar, serial_park_tiny_1, minmay_circled_x
D:3:      layout_basic, tso_altar
D:4:      layout_basic, mainiacjoe_overflow_small_starburst,
          gammafunk_ghost_abyssal_escape, uniq_crazy_yiuf_cottage
D:5:      nicolae_cairo_tiling, layout_basic, nicolae_overflow_squiral,
          serial_shops, nicolae_shop_behind_doors,
          nicolae_kite_square_tiling_tiny, kennysheep_nub, uniq_blork_the_orc
D:6:      layout_cave_pools, minmay_temple_entry_statues
Temple:   eino_temple_lava

Skill      XL: |  1  2  3  4  5  6  7 |
---------------+----------------------+-----
Dodging        | 2 3 |  3.7
Evocations     | 1 2 3 |  3.5
Armour         | 1 2 3 |  3.1
Throwing       | 1 2 3 |  3.2
Maces & Flails | 1 2 |  2.6
Fighting       | 4 |  4.7
Ranged Weapons | 1 2 |  2.2
Axes           | |  1.7
Stealth        | |  4.5

Action                   |  1- 3 |  4- 6 |  7- 9 || total
-------------------------+-------+-------+-------++-------
Melee: Hand axe          |   125 |       |       ||   125
       Whip              |     8 |       |       ||     8
       Mace              |     4 |    74 |    54 ||   132
       Punch             |       |     2 |       ||     2
       Touch             |       |       |     1 ||     1
 Fire: Arbalest          |       |    16 |     3 ||    19
Throw: Dart              |     8 |       |       ||     8
       Boomerang         |     6 |       |       ||     6
  Use: Scroll            |     2 |       |     1 ||     3
 Stab: Sleeping          |    10 |     3 |     2 ||    15
Armor: Leather armour    |    13 |       |       ||    13
       Ring mail         |    29 |    26 |    26 ||    81
Dodge: Dodged            |    68 |    38 |    47 ||   153

Table legend: (Time is in decaauts)
 A = Elapsed time spent in this place.
 B = Non-inter-level travel time spent in this place.
 C = Inter-level travel time spent in this place.
 D = Time resting spent in this place.
 E = Time spent auto-exploring this place.
 F = Levels seen in this place.
 G = Mean time per level.
                   A        B        C        D        E       F      G
               +--------+--------+--------+--------+--------+-----+--------+
         Total |   4921 |   4616 |    305 |    164 |   3479 |   7 |  703.0 |
       Dungeon |   4898 |   4602 |    296 |    164 |   3476 |   6 |  816.3 |
        Temple |     22 |     13 |      9 |      0 |      3 |   1 |   22.0 |
               +--------+--------+--------+--------+--------+-----+--------+

Top non-repeatable levels by time:
     D:6: 980 daAuts
     D:4: 918 daAuts
     D:5: 907 daAuts
     D:3: 757 daAuts
     D:2: 686 daAuts
     D:1: 647 daAuts
  Temple: 22 daAuts
